AoeStats
← LE | Emaxcito2

Northern Isles

511069248Analyzed
1v1 RM · 9d ago on Oct 3, 2026· 45m 39s· 2 players
Game mode
Random Map
Map size
Tiny (2 player)
Population
200
Speed
Normal
Resources
Standard
Victory
Conquest
Starting age
Dark Age
Ending age
Imperial Age
RankedLock teamsTeams togetherTeam positionsShared explorationLock speedFull tech treeHidden civsTurbo modeCheats
Victory
Defeat
🇵🇱 Tatars · Poland
1747
+22
vs
🇵🇪 Varangians · Peru
1885
-22
LE | Emaxcito2
6:00 Loom
6:21 Loom
8:03 Loom
10:58 Feudal Age
11:58 Double-Bit Axe
19:22 Castle Age
17:50 Fletching
19:20 Gold Mining
20:09 Bodkin Arrow
22:13 Scale Mail Armor
23:07 Wheelbarrow
23:19 Chain Mail Armor
41:34 Imperial Age
Lunar Spark
7:51 Loom
10:05 Feudal Age
10:52 Double-Bit Axe
20:59 Castle Age
19:46 Fletching
19:56 Padded Archer Armor
19:56 Town Watch
20:20 Scale Barding Armor
22:07 Medium Warships
23:40 Chain Barding Armor
23:32 Forging
25:36 Bloodlines
36:58 Light Cavalry
40:07 Careening
44:55 Chain Barding Armor
45:58 Horse Collar
Connection lost

Rejoining the realm…

Still unreachable

The connection could not be restored.

Session expired

The server has moved on; the page needs a fresh start.